 Dungeon Crawl Stone Soup version 0.31-a0-237-g2d982f9f85 (webtiles) character file.

Game seed: 14973893541163468023

311 qw the Shooter (level 6, -7/39 HPs)
             Began as a Gargoyle Hexslinger on July 10, 2023.
             Was an Initiate of Okawaru.
             Mangled by an iguana (10 damage)
             ... on level 4 of the Dungeon.
             The game lasted 00:01:10 (3249 turns).

qw the Shooter (Gargoyle Hexslinger)                Turns: 3249, Time: 00:01:11

Health: -7/39      AC:  7    Str: 12    XL:     6   Next: 42%
Magic:  7/7        EV: 12    Int: 13    God:    Okawaru [......]
Gold:   250        SH:  0    Dex: 14    Spells: 6/7 levels left

rFire   + . .        Y - +1 sling
rCold   + . .        (no shield)
rNeg    + . .        m - +0 robe {rC+ rF+}
rPois   inf          i - +0 helmet
rElec   +            (no cloak)
rCorr   .            (no gloves)
SInv    .            (no boots)
Will    .....        b - amulet of faith
Stlth   +            (no ring)
HPRegen 0.26/turn    (no ring)
MPRegen 0.10/turn

%: faith
@: no status effects
A: sickness immunity, AC +4, negative energy resistance 1, electricity
resistance, torment resistance 1, petrification resistance
a: Renounce Religion


You were on level 4 of the Dungeon.
You worshipped Okawaru.
Okawaru was noncommittal.
You visited 2 branches of the dungeon, and saw 6 of its levels.

You collected 250 gold pieces.


Innate Abilities, Weirdness & Mutations

You are immune to sickness and miasma.
Your stone body is resilient. (AC +4)
You are immune to poison.
You resist negative energy. (rN+)
You are resistant to electric shocks. (rElec)
You are resistant to unholy torment.
You are immune to petrification.


   Skills:
 - Level 4.3 Fighting
 + Level 5.2 Ranged Weapons
 - Level 1.5 Dodging
 - Level 1.0 Spellcasting
 - Level 2.6 Hexes


You had 6 spell levels left.
You knew the following spells:

 Your Spells              Type           Power      Damage    Failure   Level
a - Slow                  Hex            28%        N/A       10%         1

Your spell library contained the following spells:

 Spells                   Type           Power      Damage    Failure   Level
 Inner Flame              Hex/Fire       4%         N/A       43%         3
 Portal Projectile        Hex/Tloc       8%         N/A       43%         3
 Cause Fear               Hex            3%         N/A       67%         4

Inventory:

Hand Weapons
 Y - a +1 sling (weapon)
Armour
 i - a +0 helmet (worn)
 m - a +0 robe of resistance (worn)
 o - a +0 ring mail
Jewellery
 b - an amulet of faith (around neck)
Potions
 a - a potion of berserk rage {unknown}
 c - a potion of ambrosia {unknown}
 d - a potion of heal wounds {unknown}
 e - a potion of brilliance {unknown}
 f - a potion of curing {unknown}
 g - a potion of might {unknown}
 h - a potion of lignification {unknown}
 k - a potion of invisibility {unknown}
 l - a potion of cancellation {unknown}

Dungeon Overview and Level Annotations

Branches:
Dungeon (5/15)             Temple (1/1) D:4

Altars:
Ashenzari
Cheibriados
Fedhas
Gozag
Hepliaklqana
Makhleb
Nemelex Xobeh
Okawaru
Qazlal
Ru
Trog
Uskayaw
Vehumet
Wu Jian
Yredelemnul
The Shining One


Message History

HP restored.
Done exploring.
(D) Dungeon (T) Temple
Where to? (* - list waypoints, Enter - D:5, ? - help)
What level of the Dungeon? (default 1, ? - help)
You see here 9 stones.
There is a stone staircase leading down here.
You climb downwards.
The hound barks!
The orc shouts!
The iguana hisses angrily.
Found 4 boomerangs, a warped robe and a war axe.
There is a stone staircase leading up here.
There are monsters nearby!
You shoot a sling bullet. The orc shouts! x2
The sling bullet hits the orc.
The orc is heavily wounded.
You shoot a sling bullet. The sling bullet hits the orc.
The orc is heavily wounded.
The hound bites you. The orc hits you but does no damage.
The orc hits you with a +0 short sword. The hound bites you.
The orc hits you but does no damage. The iguana bites you!
The orc barely misses you.
3245 ||| STAIRDANCE The hound closely misses you.
The iguana bites you. The orc hits you with a +0 dagger.
The orc hits you with a +0 short sword.
You climb upwards.
There is a stone staircase leading down here.
You shoot a sling bullet. The sling bullet hits the orc.
You kill the orc!
Okawaru accepts your kill. The hound closely misses you. The hound bites you.
The orc barely misses you.
You shoot a sling bullet. The sling bullet hits the iguana.
The iguana is lightly wounded.
The hound bites you but does no damage. The orc closely misses you.
The iguana bites you. The hound bites you but does no damage.
You shoot a sling bullet.
The sling bullet barely misses the iguana.
The hound barely misses you. The orc hits you but does no damage.
The iguana bites you!
You die...

#..#.##.#
......#)########
#.#....%.......##
#.#...#.#####...##
#.......# #.....#
#.......# #.....#
#.......# #.....#
#.......# ###..h##
#.......# #....l@#
#.......# #.#(##o#
........# #.#.##.#
#.......# #...##.#
##..#.#.# #..###.#
.####'#####..###.#
.#.......##......#
##
.#....^..##..#####
#. .#...>...'...#
#.


You could see an iguana, a hound and an orc.

Vanquished Creatures
  Menkaure (D:4)
  A scorpion (D:4)
  Ijyb (D:4)
  4 adders
  4 worms
  4 dart slugs
  An orc (D:4)
  7 endoplasms
  A giant cockroach (D:3)
  7 goblins
  4 hobgoblins
  6 jackals (D:1)
  3 kobolds
  6 quokkas
  5 ball pythons
  6 bats
  3 frilled lizards
  3 rats (D:2)
67 creatures vanquished.

Notes
Turn   | Place    | Note
-------+----------+-------------------------------------------
     0 | D:1      | qw the Gargoyle Hexslinger began the quest for the Orb.
     0 | D:1      | Reached XP level 1. HP: 12/12 MP: 2/2
     0 | D:1      | 0 ||| qw: Version: 0.3-a-52-g30416fa
     0 | D:1      | 0 ||| qw: Game counter: 5120
     0 | D:1      | 0 ||| qw: Melee chars always use a shield: true
     0 | D:1      | 0 ||| qw: God list: Okawaru
     0 | D:1      | 0 ||| qw: Allow faded altars: false
     0 | D:1      | 0 ||| qw: Do Orc after clearing Dungeon:15 true
     0 | D:1      | 0 ||| qw: Do second Lair branch before Depths: true
     0 | D:1      | 0 ||| qw: Lair rune preference: random
     0 | D:1      | 0 ||| qw: Goals: Normal
     0 | D:1      | 0 ||| PLANNING D:1-11
    92 | D:1      | Reached XP level 2. HP: 12/16 MP: 3/3
   132 | D:1      | Reached skill level 3 in Ranged Weapons
   134 | D:1      | HP: 4/16 [jackal (2)]
   465 | D:1      | Reached XP level 3. HP: 21/21 MP: 4/4
   722 | D:1      | 722 ||| READING scroll labelled YTENUTSYVU.
   723 | D:1      | 723 ||| DROPPING scroll of poison.
   793 | D:2      | Found a sparkling altar of Nemelex Xobeh.
  1204 | D:2      | Reached XP level 4. HP: 26/26 MP: 5/5
  1542 | D:2      | 1542 ||| UPGRADING to amulet of faith.
  1547 | D:2      | 1547 ||| READING scroll labelled CEISITEZUS.
  1642 | D:3      | Reached skill level 4 in Ranged Weapons
  2003 | D:3      | 2003 ||| UPGRADING to +0 robe of resistance.
  2013 | D:3      | 2013 ||| DROPPING +0 robe.
  2014 | D:3      | 2014 ||| READING scroll labelled CAIXYM LAMOAR.
  2015 | D:3      | 2015 ||| READING scroll labelled YROUFOHOXU.
  2016 | D:3      | 2016 ||| READING scroll labelled EPTOYXZ ISAKH.
  2060 | D:4      | Noticed a scorpion
  2078 | D:4      | Killed a scorpion
  2079 | D:4      | Reached skill level 5 in Ranged Weapons
  2079 | D:4      | Reached XP level 5. HP: 20/30 MP: 6/6
  2178 | D:4      | Found a staircase to the Ecumenical Temple.
  2179 | D:4      | 2179 ||| PLANNING TEMPLE
  2184 | Temple   | Entered the Ecumenical Temple
  2248 | Temple   | 2248 ||| PLANNING OKAWARU WORSHIP
  2480 | Temple   | Became a worshipper of Warmaster Okawaru
  2481 | Temple   | 2481 ||| PLANNING D:1-11
  2883 | D:4      | Noticed Ijyb
  2902 | D:4      | Killed Ijyb
  3020 | D:4      | Noticed Menkaure
  3026 | D:4      | Killed Menkaure
  3027 | D:4      | Reached XP level 6. HP: 39/39 MP: 7/7
  3084 | D:4      | 3084 ||| UPGRADING to +0 helmet.
  3089 | D:4      | 3089 ||| DROPPING +0 leather armour.
  3096 | D:5      | Entered Level 5 of the Dungeon
  3102 | D:5      | 3102 ||| STAIRDANCE
  3104 | D:4      | HP: 9/39 [iguana (7)]
  3105 | D:4      | 3105 ||| READING scroll of teleportation.
  3245 | D:5      | 3245 ||| STAIRDANCE
  3245 | D:5      | HP: 9/39 [orc/+0 short sword (3)]
  3248 | D:4      | HP: 3/39 [iguana (4)]
  3249 | D:4      | Mangled by an iguana

Levels and vault maps discovered:
D:1:      lemuel_arrival_funnel, layout_loops_cross, columned_hall_lemuel
D:2:      layout_loops_ring, basic_altar, hangedman_feature_mirror,
          grunt_ministairs_7, minmay_tree_intersection
D:3:      layout_rooms
D:4:      layout_loops_cross, temple_green, uniq_ijyb, uniq_menkaure
D:5:      layout_rooms, amcnicky_altar_gilded, uniq_pikel
Temple:   minmay_temple_bridge_d

Skill      XL: |  1  2  3  4  5 |
---------------+----------------+-----
Ranged Weapons | 3 5 |  5.2
Fighting       | 2 4 |  4.3
Dodging        | |  1.5
Spellcasting   | |  1.0
Hexes          | |  2.6

Action                     |  1- 3 |  4- 6 || total
---------------------------+-------+-------++-------
   Fire: Sling             |   122 |   170 ||   292
    Use: Scroll            |     1 |     5 ||     6
 Armour: Robe              |    43 |    27 ||    70
  Dodge: Dodged            |    78 |    65 ||   143

Table legend:
 A = Non-vault XP
 B = Vault XP
 C = Vault XP percentage of total XP
 D = Non-vault monster count
 E = Vault monster count
 F = Vault count percentage of total count
                 A         B        C        D         E       F
            +---------+---------+-------+---------+---------+-------
      Total |     255 |     190 |  42.7 |      63 |       4 |   6.0
            +---------+---------+-------+---------+---------+-------
        D:1 |      41 |       0 |   0.0 |      19 |       0 |   0.0
        D:2 |      48 |       3 |   5.9 |      18 |       2 |  10.0
        D:3 |      46 |       0 |   0.0 |      15 |       0 |   0.0
        D:4 |     120 |     187 |  60.9 |      11 |       2 |  15.4
            +---------+---------+-------+---------+---------+-------
